 Dungeon Crawl Stone Soup version 0.27.0-1-g7a089689b8 (webtiles) character file.

Game seed: 16224859150977911833

214 Malachi the Chopper (level 5, -1/28 HPs)
             Began as a Vine Stalker Berserker on Aug 15, 2021.
             Was a Priest of Trog.
             Slain by a gnoll (14 damage)
             ... on level 5 of the Dungeon.
             The game lasted 00:03:24 (3466 turns).

Malachi the Chopper (Vine Stalker Berserker)        Turns: 3466, Time: 00:03:25

Health: -1/28      AC: 12    Str: 20    XL:     5   Next: 92%
Magic:  0/6        EV:  6    Int:  7    God:    Trog [***...]
Gold:   196        SH:  0    Dex: 14    Spells: 4/4 levels left

rFire    . . .     SeeInvis .   a - +0 hand axe
rCold    . . .     Faith    .   (no shield)
rNeg     . . .     Spirit   +   g - +0 plate armour
rPois    .         Reflect  .   (no helmet)
rElec    .         Harm     .   (no cloak)
rCorr    .         Rampage  .   q - +0 pair of gloves
Will     .....                  (no boots)
Stlth    ..........             (no amulet)
HPRegen  1.09/turn              (no ring)
MPRegen  0.10/turn              (no ring)

@: no status effects
A: fangs 2, regeneration 1, magic shield, antimagic bite, no potion heal 2
a: Renounce Religion, Berserk, Trog's Hand


You were on level 5 of the Dungeon.
You worshipped Trog.
Trog was most pleased with you.
You visited 1 branch of the dungeon, and saw 5 of its levels.

You collected 196 gold pieces.

Inventory:

Hand Weapons
 a - a +0 hand axe (weapon)
Missiles
 h - a throwing net (quivered)
Armour
 g - a +0 plate armour (worn)
 q - a +0 pair of gloves (worn)
Jewellery
 f - a +6 ring of intelligence
Wands
 n - a wand of paralysis (10)
Scrolls
 c - 2 scrolls of teleportation
 d - 2 scrolls of fog
 e - 2 scrolls of identify
 i - a scroll of immolation {unknown}
 m - a scroll of enchant armour {unknown}
Potions
 b - 2 potions of attraction {unknown}
 j - a potion of berserk rage
 k - a potion of invisibility {unknown}
 l - 2 potions of curing {unknown}
 o - a potion of might {unknown}
 p - a potion of cancellation {unknown}


   Skills:
 + Level 3.4 Fighting
 + Level 4.5 Axes
 + Level 2.4 Armour
 - Level 2.2 Dodging
 - Level 0.4 Stealth


You had 4 spell levels left.
You didn't know any spells.
Your spell library was empty.

Dungeon Overview and Level Annotations

Branches:
Dungeon (5/15)
 Temple: D:4-7

Altars:

Shops:
D:1 *   D:2 ?


Innate Abilities, Weirdness & Mutations

You have extremely sharp teeth.
Your natural rate of healing is unusually fast.
When hurt, damage is shared between your health and your magic reserves.
Your bite disrupts and absorbs the magic of your enemies.
Potions cannot restore your health.


Message History

You completely miss the gnoll. You closely miss the orc.
The orc hits you but does no damage. The gnoll barely misses you.
You barely miss the gnoll. Your bite misses the gnoll.
You hit the orc but do no damage. The orc hits you but does no damage.
The gnoll barely misses you.
You hit the gnoll.
The gnoll is moderately wounded.
You closely miss the orc. The orc barely misses you.
The gnoll hits you with a +0 flail.
The gnoll hits you from afar with a +0 halberd.
You hit the gnoll. You bite the gnoll.
You kill the gnoll!
Trog accepts your kill.
You hit the orc but do no damage. The orc closely misses you.
The gnoll completely misses you.
You hit the orc but do no damage. You closely miss the orc.
The orc closely misses you. The gnoll hits you but does no damage.
The orc hits you but does no damage.
You hit the orc.
The orc is heavily wounded.
You hit the orc but do no damage. The orc barely misses you.
The gnoll hits you from afar with a +0 halberd!
The orc hits you but does no damage.
You hit the orc.
You kill the orc!
Trog accepts your kill.
You hit the orc. The orc closely misses you.
A gnoll comes into view. It is wielding a +0 spear.
The gnoll drinks a potion.
The gnoll goes berserk!
You closely miss the orc.
The orc is severely wounded.
The gnoll hits you but does no damage. The orc hits you with a +0 whip.
The gnoll hits you from afar with a +0 halberd!
The orc closely misses you.
You are too injured to fight recklessly!
You are too injured to fight recklessly!
You are too injured to fight recklessly!
The gnoll hits you from afar with a +0 halberd!
Ouch! That really hurt!
You die...

#### .....
..... .
...g
...#.g#
......)###
#o@.#
###..# #.#
:# . .. ##


You could see 2 gnolls and an orc.

Vanquished Creatures
  An orc priest (D:3)
  7 adders
  A gnoll (D:5)
  An ufetubus (D:4)
  4 dart slugs
  6 orcs
  5 ball pythons
  13 endoplasms
  5 giant cockroaches
  A goblin (D:2)
  6 hobgoblins
  15 jackals
  A quokka (D:2)
  3 bats
  7 frilled lizards
  4 kobolds
  10 rats
90 creatures vanquished.

Vanquished Creatures (others)
  2 plants (D:1)
2 creatures vanquished.

Grand Total: 92 creatures vanquished

Notes
Turn   | Place    | Note
-------+----------+-------------------------------------------
     0 | D:1      | Malachi the Vine Stalker Berserker began the quest for the
                  | Orb.
     0 | D:1      | Reached XP level 1. HP: 11/11 MP: 2/2
    43 | D:1      | Reached XP level 2. HP: 8/16 MP: 1/3
   288 | D:1      | Reached skill level 3 in Axes
   582 | D:1      | Reached XP level 3. HP: 19/20 MP: 4/4
   613 | D:1      | Found a faded altar of an unknown god.
   623 | D:1      | Found Ryetyff's Assorted Antiques.
   833 | D:1      | Reached ** piety under Trog
  1870 | D:2      | Gained mutation: Your natural rate of healing is unusually
                  | fast. [Vine Stalker growth]
  1870 | D:2      | Reached XP level 4. HP: 24/24 MP: 5/5
  1885 | D:2      | Found Inlip's Magic Scroll Shoppe.
  2568 | D:3      | Reached skill level 4 in Axes
  2568 | D:3      | Reached XP level 5. HP: 28/28 MP: 3/6
  2590 | D:3      | Reached *** piety under Trog
  3452 | D:5      | Entered Level 5 of the Dungeon
  3466 | D:5      | Slain by a gnoll

Illustrated notes

Levels and vault maps discovered:
D:1:      dpeg_arrival_simpleton_a, layout_basic, serial_shops, shop,
          dreamdust_ecumenical_altar_grove
D:2:      layout_basic, serial_shops, nicolae_shop_stone, minmay_octomino_e4
D:3:      layout_rooms, serial_bayou_crossing
D:4:      layout_gridville
D:5:      layout_rooms, glass_columns_c

Skill      XL: |  1  2  3  4 |
---------------+-------------+-----
Axes           | 3 4 |  4.5
Fighting       | 3 |  3.4
Dodging        | 2 |  2.2
Armour         | 2 |  2.4
Stealth        | |  0.4

Action                   |  1- 3 |  4- 6 || total
-------------------------+-------+-------++-------
Melee: Hand axe          |   101 |   127 ||   228
       Bite              |    33 |    32 ||    65
Invok: Berserk           |     1 |     1 ||     2
  Use: Scroll            |     4 |       ||     4
Armor: Animal skin       |     8 |       ||     8
       Ring mail         |    10 |       ||    10
       Scale mail        |     2 |     5 ||     7
       Plate armour      |       |    89 ||    89
Dodge: Dodged            |    66 |    51 ||   117
